 Dungeon Crawl Stone Soup version 0.25-a0-280-gfa4545f159 (webtiles) character file.

Game seed: 7792874188421182486, levelgen mode: deterministic

842431 MisterFreud the Evocator (level 27, -6/201 HPs)
             Began as a Gnoll Fighter on Dec 8, 2019.
             Was the Champion of Ashenzari.
             Mangled by a shadow wraith (13 damage)
             ... in the Vestibule of Hell on Dec 10, 2019.
             The game lasted 06:30:38 (70306 turns).

MisterFreud the Evocator (Gnoll Fighter)           Turns: 70306, Time: 06:30:38

Health: -6/201     AC: 39    Str: 11 (15) XL:     27
Magic:  33/41      EV: 33    Int: 21 (24) God:    Ashenzari [******]
Gold:   6842       SH: 18    Dex: 23 (24) Spells: 4/63 levels left

rFire    + + .     SeeInvis +   V - +9 demon blade (elec) (curse)
rCold    + . .     Gourm    .   c - +1 shield (curse)
rNeg     + + .     Faith    .   (armour currently unavailable)
rPois    ∞         Spirit   .   p - +2 helmet {Int+3} (curse)
rElec    +         Reflect  .   E - +0 cloak (curse)
rCorr    .         Harm     .   (gloves currently unavailable)
MR       ++++.     Clarity  +   (boots currently unavailable) Stlth ++++......Rnd*Tele +
                                o - amulet of Xom's Capriciousness {RegenMP *Slow rC+ MR+ Dex+7} (curse)
HPRegen  0.83/turn              R - ring of Hiumuet {Wiz Int+4} (curse)
MPRegen  0.52/turn              Q - ring of Pessimism {rPois rF+ rN+ MR+ Stlth+} (curse)

@: statue-form (expiring), contaminated, slowed, glowing, studying 2 skills,
lightly drained, very slow
A: distributed training, fangs 1, talons 1, berserk 1, deformed body,
deterioration 1, dopey 2, fire resistance 1, frail 3, low mp 1, regeneration 1,
screaming 1, teleportitis 2, weak 2, no potion heal 2, strong nose
}: 10/15 runes: serpentine, barnacled, silver, bone, abyssal, demonic, glowing,
magical, fiery, dark
a: End Transformation, Curse Item, Scrying, Renounce Religion


You were in the Vestibule of Hell.
You worshipped Ashenzari.
Ashenzari was exalted by your worship.
You were not hungry.
You were a stone statue.
You visited 11 branches of the dungeon, and saw 52 of its levels.
You visited Pandemonium 1 time, and saw 16 of its levels.
You visited the Abyss 1 time.

You collected 8014 gold pieces.
You spent 1172 gold pieces at shops.

Inventory:

Hand Weapons
 V - a cursed +9 demon blade of electrocution (weapon)
Missiles
 k - 466 stones (quivered)
 K - 18 throwing nets
Armour
 c - a cursed +1 shield (worn)
 g - a cursed +2 pair of boots of running (melded)
 n - the cursed +3 robe of Folly (melded) {Archmagi, MR-- Int+5}
   (You found it on level 1 of the Elven Halls)

   It affects your intelligence (+5).
   It affects your resistance to hostile enchantments.
   It has a curse placed upon it.
 p - a cursed +2 helmet of intelligence (worn)
 w - a cursed +2 pair of gloves of strength (melded)
 E - a cursed +0 cloak (worn)
Jewellery
 o - the cursed amulet of Xom's Capriciousness (around neck) {RegenMP *Slow rC+ MR+ Dex+7}
   (You bought it in a shop on level 12 of the Dungeon)

   [amulet of magic regeneration]

   It increases your magic regeneration.
   It affects your dexterity (+7).
   It protects you from cold.
   It affects your resistance to hostile enchantments.
   It may slow you when you take damage.
   It has a curse placed upon it.
 y - the ring of Phasing {EV+8}
   (You took it off a deep elf demonologist on level 3 of the Elven Halls)

   [ring of evasion]

   It affects your evasion (+8).
 Q - the cursed ring of Pessimism (right hand) {rPois rF+ rN+ MR+ Stlth+}
   (You found it on level 15 of the Dungeon)

   [ring of poison resistance]

   It protects you from fire.
   It protects you from poison.
   It protects you from negative energy.
   It affects your resistance to hostile enchantments.
   It makes you more stealthy.
   It has a curse placed upon it.
 R - the cursed ring of Hiumuet (left hand) {Wiz Int+4}
   (You found it on level 15 of the Dungeon)

   [ring of wizardry]

   It improves your spell success rate.
   It affects your intelligence (+4).
   It has a curse placed upon it.
 Z - the amulet of Zauneane {Acrobat +Fly rC+ Str+3}
   (You found it in Pandemonium)

   [amulet of the acrobat]

   It helps you evade while moving and waiting.
   It affects your strength (+3).
   It protects you from cold.
   It lets you fly.
Wands
 v - a wand of enslavement (21)
 z - a wand of acid (9)
 L - a wand of iceblast (67)
 S - a wand of clouds (26)
 U - a wand of digging (11)
 X - a wand of disintegration (45)
Scrolls
 a - 7 scrolls of fog
 d - 9 scrolls of enchant armour
 j - 17 scrolls of remove curse
 q - a scroll of brand weapon
 r - 2 scrolls of enchant weapon
 t - 9 scrolls of teleportation
 F - 5 scrolls of fear
 M - 4 scrolls of amnesia
 N - a scroll of silence
 T - 11 scrolls of magic mapping
Potions
 e - 24 potions of curing
 i - 4 potions of cancellation
 m - 4 potions of agility
 s - 2 potions of heal wounds
 u - 12 potions of brilliance
 x - 7 potions of ambrosia
 B - 8 potions of flight
 C - 4 potions of magic
 G - 3 potions of resistance
 I - 4 potions of berserk rage
 Y - 3 potions of haste
Books
 b - a manual of Shields
 O - a manual of Evocations
Miscellaneous
 h - 4 boxes of beasts
 l - a phantom mirror
 A - a lightning rod (4/4)
 D - 6 sacks of spiders
 H - a crystal ball of energy
 J - a lamp of fire
Comestibles
 f - 46 rations


   Skills:
 + Level 19.4(19.0) Fighting
 + Level 18.6(18.3) Short Blades
 + Level 18.6(21.9) Long Blades
 + Level 18.6(18.3) Axes
 + Level 18.6(18.3) Maces & Flails
 + Level 19.0(18.6) Polearms
 + Level 18.6(18.3) Staves
 + Level 18.6(18.3) Slings
 + Level 18.6(18.3) Bows
 + Level 18.6(18.3) Crossbows
 + Level 18.6(18.3) Throwing
 + Level 19.4(19.0) Armour
 + Level 18.6(21.9) Dodging
 + Level 18.6(21.9) Stealth
 + Level 21.6(23.3) Shields
 + Level 18.6(18.3) Unarmed Combat
 + Level 18.6(18.3) Spellcasting
 + Level 16.0(19.6) Conjurations
 + Level 16.0(19.6) Hexes
 + Level 16.0(19.6) Charms
 + Level 16.0(19.6) Summonings
 + Level 16.0(19.6) Necromancy
 + Level 16.0(19.6) Translocations
 + Level 16.0(19.6) Transmutations
 + Level 16.0(19.6) Fire Magic
 + Level 16.0(19.6) Ice Magic
 + Level 16.0(19.6) Air Magic
 + Level 16.0(19.6) Earth Magic
 + Level 16.0(19.6) Poison Magic
 + Level 20.0(19.6) Invocations
 + Level 22.9(25.8) Evocations


You had 4 spell levels left.
You knew the following spells:

 Your Spells              Type           Power        Failure   Level  Hunger
a - Summon Lightning Spi  Summ/Air       #######.     0%          4    None
b - Deflect Missiles      Chrm/Air       #######...   1%          6    ####...
c - Invisibility          Hex            #######.     1%          6    ####...
d - Lehudib's Crystal Sp  Conj/Erth      #######...   2%          8    #######
e - Regeneration          Chrm/Necr      #######...   0%          3    None
f - Borgnjor's Vile Clut  Necr/Erth      #######...   1%          5    #......
g - Statue Form           Tmut/Erth      #######..    1%          6    ####...
h - Spellforged Servitor  Conj/Summ      #######...   1%          7    ######.
i - Ignition              Fire           #######...   2%          8    #######
j - Aura of Abjuration    Summ           #######...   1%          5    #......
k - Apportation           Tloc           ######       0%          1    None

Your spell library contained the following spells:

 Spells                   Type           Power        Failure   Level  Hunger
 Animate Skeleton         Necr           N/A          0%          1    None
 Beastly Appendage        Tmut           ######       0%          1    None
 Confusing Touch          Hex            ######       0%          1    None
 Corona                   Hex            #######      0%          1    None
 Foxfire                  Conj/Fire      ####         0%          1    None
 Infusion                 Chrm           ####         0%          1    None
 Magic Dart               Conj           ####         0%          1    None
 Pain                     Necr           ####         0%          1    None
 Shock                    Conj/Air       ####         0%          1    None
 Sting                    Tmut/Pois      ####         0%          1    None
 Summon Butterflies       Summ           #######.     0%          1    None
 Summon Small Mammal      Summ           ####         0%          1    None
 Blink                    Tloc           N/A          0%          2    None
 Call Imp                 Summ           #######.     0%          2    None
 Corpse Rot               Necr/Air       N/A          0%          2    None
 Ensorcelled Hibernation  Hex/Ice        ######       0%          2    None
 Passwall                 Tmut/Erth      #######.     0%          2    None
 Poisonous Vapours        Pois/Air       ######       0%          2    None
 Searing Ray              Conj           ######       0%          2    None
 Shroud of Golubria       Chrm/Tloc      ######       0%          2    None
 Slow                     Hex            #######.     0%          2    None
 Song of Slaying          Chrm           #######.     0%          2    None
 Sublimation of Blood     Necr           #######...   0%          2    None
 Swiftness                Chrm/Air       #######.     0%          2    None
 Call Canine Familiar     Summ           #######.     0%          3    None
 Confuse                  Hex            #######.     0%          3    None
 Conjure Flame            Conj/Fire      #######.     0%          3    None
 Dazzling Flash           Conj/Hex       ######       0%          3    None
 Gell's Gravitas          Tloc           #######...   0%          3    None
 Ignite Poison            Fire/Tmut/Pois #######.     0%          3    None
 Inner Flame              Hex/Fire       #######.     0%          3    None
 Lesser Beckoning         Tloc           #######...   0%          3    None
 Mephitic Cloud           Conj/Pois/Air  #######.     0%          3    None
 Portal Projectile        Hex/Tloc       ######       0%          3    None
 Recall                   Summ/Tloc      N/A          0%          3    None
 Spectral Weapon          Hex/Chrm       #######.     0%          3    None
 Static Discharge         Conj/Air       #######.     0%          3    None
 Stone Arrow              Conj/Erth      ######       0%          3    None
 Summon Guardian Golem    Hex/Summ       #######.     0%          3    None
 Teleport Other           Tloc           #######.     0%          3    None
 Tukima's Dance           Hex            #######.     0%          3    None
 Vampiric Draining        Necr           #######...   0%          3    None
 Airstrike                Air            #######...   0%          4    None
 Animate Dead             Necr           N/A          0%          4    None
 Cause Fear               Hex            #######...   0%          4    None
 Fulminant Prism          Conj/Hex       #######...   0%          4    None
 Ice Form                 Ice/Tmut       #######.     0%          4    None
 Iskenderun's Mystic Bla  Conj/Tloc      #######.     0%          4    None
 Leda's Liquefaction      Hex/Erth       #######...   0%          4    None
 Passage of Golubria      Tloc           N/A          0%          4    None
 Petrify                  Tmut/Erth      #######.     0%          4    None
 Sticky Flame             Conj/Fire      #######.     0%          4    None
 Summon Ice Beast         Ice/Summ       #######.     0%          4    None
 Agony                    Necr           #######.     1%          5    #......
 Alistair's Intoxication  Tmut/Pois      #######.     1%          5    #......
 Bolt of Magma            Conj/Fire/Erth #######...   1%          5    #......
 Dispel Undead            Necr           #######.     1%          5    #......
 Excruciating Wounds      Chrm/Necr      #######...   1%          5    #......
 Fireball                 Conj/Fire      #######...   1%          5    #......
 Irradiate                Conj/Tmut      #######...   1%          5    #......
 Iskenderun's Battlesphe  Conj/Chrm      #######.     1%          5    #......
 Lee's Rapid Deconstruct  Erth           #######...   1%          5    #......
 Lightning Bolt           Conj/Air       #######...   1%          5    #......
 Metabolic Englaciation   Hex/Ice        #######...   1%          5    #......
 Silence                  Hex/Air        #######...   1%          5    #......
 Summon Demon             Summ           #######...   1%          5    #......
 Summon Forest            Summ/Tloc      #######...   1%          5    #......
 Summon Mana Viper        Hex/Summ       #######.     1%          5    #......
 Yara's Violent Unravell  Hex/Tmut       #######...   1%          5    #......
 Conjure Ball Lightning   Conj/Air       #######...   1%          6    ####...
 Darkness                 Hex            #######...   1%          6    ####...
 Death Channel            Necr           #######...   1%          6    ####...
 Eringya's Noxious Bog    Tmut/Pois      #######...   1%          6    ####...
 Freezing Cloud           Conj/Ice/Air   #######...   1%          6    ####...
 Hydra Form               Tmut           #######...   1%          6    ####...
 Iron Shot                Conj/Erth      #######...   1%          6    ####...
 Ozocubu's Refrigeration  Ice            #######...   1%          6    ####...
 Shadow Creatures         Summ           N/A          1%          6    ####...
 Simulacrum               Ice/Necr       #######...   1%          6    ####...
 Dragon Form              Tmut           #######...   1%          7    ######.
 Malign Gateway           Summ/Tloc      #######...   1%          7    ######.
 Monstrous Menagerie      Summ           #######...   1%          7    ######.
 Orb of Destruction       Conj           #######...   1%          7    ######.
 Ring of Flames           Chrm/Fire      #######...   1%          7    ######.
 Summon Greater Demon     Summ           #######...   1%          7    ######.
 Summon Hydra             Summ           #######...   1%          7    ######.
 Chain Lightning          Conj/Air       #######...   2%          8    #######
 Discord                  Hex            #######...   2%          8    #######
 Summon Horrible Things   Summ           #######...   2%          8    #######
 Dragon's Call            Summ           #######...   32%         9    #######
 Fire Storm               Conj/Fire      #######...   32%         9    #######
 Glaciate                 Conj/Ice       #######...   32%         9    #######
 Shatter                  Erth           #######...   32%         9    #######
 Tornado                  Air            #######...   32%         9    #######


Dungeon Overview and Level Annotations

Branches:
Dungeon (15/15)            Temple (1/1) D:7            Lair (6/6) D:8
 Shoals (4/4) Lair:2        Snake (4/4) Lair:3        Slime (0/5) Lair:6
    Orc (2/2) D:11            Elf (3/3) Orc:2        Vaults (5/5) D:13
  Crypt (0/3) Vaults:3     Depths (5/5) D:15           Hell (1/1)
    Dis (0/7) Hell            Geh (0/7) Hell            Coc (0/7) Hell
    Tar (7/7) Hell            Zot (0/5) Depths:5

Altars:
Ashenzari
Cheibriados
Fedhas
Gozag
Hepliaklqana
Nemelex Xobeh
Okawaru
Qazlal
Sif Muna
Trog
Uskayaw
Vehumet
Wu Jian
Xom
Yredelemnul
The Shining One
Beogh

Shops:
D:4 [   D:12 =   D:15 ?(}   Orc:2 ([*:   Shoals:2 }   Snake:4 (   Vaults:2 !
Depths:4 *

Portals:
Hell: Depths:1 Depths:2 Depths:3 Depths:4 Depths:5
Abyss: Depths:1 Depths:2 Depths:3 Depths:4
Pandemonium: Depths:2 Depths:3 Depths:4
Ziggurat: Depths:1

Annotations:
D:6 1 runed translucent door
D:13 3 runed translucent doors, Ishrer's ghost, journeyman DEFE
Lair:1 exclusion: oklob plant
Lair:5 exclusion: oklob plant
Orc:1 3 runed translucent doors, Ciad's ghost, journeyman MiBe
Tar:7 Ereshkigal


Innate Abilities, Weirdness & Mutations

Your experience applies equally to all skills.
You have very sharp teeth.
Your uncanny sense of smell can sniff out nearby items.
You have sharp toenails.
((You are partially covered in thin metallic scales. (AC +2)))
You tend to lose your temper in combat.
Armour fits poorly on your strangely shaped body.
Your body sometimes deteriorates upon taking damage.
You are very dopey. (Int -4)
Your flesh is heat resistant. (rF+)
You are extremely frail. (-30% HP)
Your magical capacity is low. (-10% MP)
Your natural rate of healing is unusually fast.
You occasionally shout uncontrollably at your foes.
You are sometimes teleported next to monsters.
You are very weak. (Str -4)
Potions are poor at restoring your health.


Message History

* * * LOW HITPOINT WARNING * * *
The shadow wraith drains your vigour!
You feel yourself slow down. The shadow wraith misses you.
The shadow dragon bites you.
* * * LOW HITPOINT WARNING * * *
The shadow dragon claws you but does no damage.
The shadow dragon barely misses you. You block the soul eater's attack.
The shadow wraith completely misses you.
The shadow wraith closely misses you.
Unknown command.
The shadow dragon breathes negative energy at you.
The bolt of negative energy misses you.
The soul eater draws from the surrounding life force!
* * * LOW HITPOINT WARNING * * *
The shadow wraith hits you but does no damage.
Your spellforged servitor points at the shadow dragon and mumbles some strange words.
The crystal spear hits the shadow dragon!!!
The shadow dragon dies!
The +0 shadow dragon scales are intact enough to wear.
The soul eater misses you. The shadow wraith hits you!
You die...

## ### ## .###### ##8## ######.
......#########3WW#########......
..........#...#[.8#...#..........
..........#...##'##...#..........
...†.....###.........###.........
...†.....# #.........# #.........
....†....# ####'''#### #.........
.........###.........###.........
.................................


You could see a soul eater, 2 shadow wraiths and a friendly spellforged
servitor.

Vanquished Creatures
  Cerebov (Pan)
  Mnoleg (Pan)
  3 pandemonium lords (Pan)
  Bai Suzhen (Snake:4)
  Sojobo (Vaults:4)
  Margery (Vaults:5)
  Saint Roka (Elf:2)
  Nikola (Elf:2)
  A caustic shrike (Depths:4)
  Geryon (Hell)
  2 golden dragons
  3 doom hounds
  4 bone dragons
  6 Brimstone Fiends (Pan)
  10 Tzitzimimeh
  9 tentacled monstrosities
  6 Hell Sentinels (Pan)
  2 Ice Fiends (Pan)
  Rupert (Orc:2)
  14 liches
  A deep elf master archer (Elf:3)
  2 titans (Vaults:5)
  4 quicksilver dragons
  4 sphinxes
  Murray (Hell)
  23 Executioners
  5 tentacled starspawn
  Frances (Elf:1)
  A draconian monk (Depths:5)
  5 tengu reavers
  7 shadow dragons
  4 storm dragons
  Roxanne (Elf:2)
  2 iron dragons
  An orc warlord (Orc:2)
  2 blood saints (Pan)
  5 nagarajas
  10 deep elf sorcerers
  11 fire giants
  A ghost moth (Abyss:4)
  11 balrugs
  2 warmongers (Pan)
  18 cacodemons
  8 frost giants
  Aizul (Elf:2)
  3 deep elf elementalists (Elf:3)
  8 vault wardens
  5 black suns (Pan)
  A draconian shifter (Depths:5)
  2 curse skulls (Pan)
  A draconian annihilator (Depths:5)
  3 spriggan defenders
  10 ironheart preservers
  15 stone giants
  4 entropy weavers
  6 vampire knights
  28 very ugly things
  10 reapers
  3 war gargoyles
  A green draconian (Depths:5)
  A red draconian (Depths:5)
  Azrael (Elf:2)
  8 deep elf demonologists
  13 deep elf annihilators
  A yellow draconian (Depths:5)
  6 lorocyprocas (Pan)
  2 white draconians (Depths:5)
  5 spark wasps
  8 blizzard demons
  2 merfolk javelineers (Shoals:3)
  13 green deaths
  8 fire dragons
  7 merfolk impalers
  14 ettins
  4 deep elf death magi
  A crystal guardian (Vaults:1)
  2 jiangshi (Tar:2)
  25 vault guards
  5 deep elf high priests
  A fire dragon (shapeshifter) (Vaults:5)
  8 ice dragons
  10 yaktaur captains
  Harold (D:9)
  7 great orbs of eyes
  3 quicksilver dragon skeletons
  8 rakshasas
  6 spriggan air magi
  4 hell beasts (Hell)
  A catoblepas (Lair:4)
  8 naga warriors
  8 hydras
  4 monstrous demonspawn (Pan)
  An anaconda (shapeshifter) (Depths:4)
  3 merfolk aquamancers
  5 merfolk avatars
  7 centaur warriors
  An alligator snapping turtle (Shoals:2)
  4 anacondas
  6 tengu warriors
  30 two-headed ogres
  8 deep troll shamans
  2 satyrs
  24 dancing weapons
  12 ogre magi
  A death knight (Vaults:3)
  5 vampire magi
  52 large abominations
  2 titan zombies
  A hell hog (Hell)
  Urug (D:12)
  3 orc high priests
  12 deep troll earth magi
  13 naga sharpshooters
  11 shock serpents
  A spriggan berserker (Depths:5)
  11 hell knights
  2 thrashing horrors
  5 wretched stars
  27 soul eaters
  Nergalle (Lair:4)
  A titan skeleton (Pan)
  Sonja (D:13)
  14 deep elf knights
  26 sun demons
  20 sixfirhies
  2 iron trolls (Depths:4)
  27 skeletal warriors
  A storm dragon skeleton (Pan)
  11 shadow wraiths
  4 unseen horrors
  A salamander mystic (Depths:4)
  5 flayed ghosts
  2 anaconda zombies (Hell)
  8 glowing orange brains
  6 infernal demonspawn (Pan)
  17 wizards
  10 sea snakes
  14 deep trolls
  A lindwurm (Lair:6)
  2 shadow demons
  3 torturous demonspawn (Pan)
  2 shadow dragon zombies (Vaults:5)
  5 deep elf archers
  5 naga ritualists
  15 orc knights
  6 phantasmal warriors
  3 gelid demonspawn (Pan)
  9 harpies
  9 ironbrand convokers
  4 anaconda skeletons
  A golden dragon skeleton (Pan)
  An iron dragon zombie (Tar:2)
  5 mana vipers
  2 salamanders (shapeshifter) (Vaults:1)
  A shining eye (Abyss:3)
  8 necromancers
  A stone giant zombie (Depths:1)
  An oklob plant (Shoals:3)
  3 wolf spiders
  A cyclops (shapeshifter) (Elf:1)
  8 fauns
  6 orc sorcerers
  2 shadow dragon skeletons
  43 deep elf magi
  38 ugly things
  An orb spider (shapeshifter) (Depths:3)
  7 cyclopes
  7 salamanders
  11 manticores
  11 elephants
  5 merfolk sirens
  A stone giant skeleton (Pan)
  2 iron dragon skeletons
  2 rust devils
  20 black mambas
  5 water nymphs
  An apocalypse crab (Abyss:4)
  A guardian serpent (shapeshifter) (Depths:4)
  13 vault sentinels
  2 molten gargoyles (Hell)
  3 guardian serpents
  3 torpor snails (Lair:6)
  18 naga magi
  36 smoke demons
  15 spiny frogs
  2 frost giant skeletons
  An eye of devastation (Pan)
  23 orange demons (Pan)
  9 hellions
  3 centaur skeletons
  2 gargoyles
  4 kobold demonologists (D:15)
  6 rime drakes
  A shock serpent skeleton (Pan)
  A rime drake (shapeshifter) (Vaults:3)
  3 freezing wraiths (Vaults:3)
  11 efreet
  A tengu conjurer (Depths:4)
  7 ancient zymes
  A yaktaur (shapeshifter) (Vaults:4)
  8 ice devils
  7 demonic crawlers (Pan)
  6 tormentors
  4 komodo dragons
  40 yaktaurs
  A queen bee (Lair:3)
  27 hellwings
  4 trolls
  25 merfolk
  4 silent spectres
  9 red devils
  A tengu simulacrum (Vaults:5)
  A meliai (shapeshifter) (Vaults:5)
  A jumping spider (Vaults:3)
  3 tyrant leeches (Lair:6)
  2 polar bears (Lair:5)
  A queen bee (shapeshifter) (D:13)
  2 hornets (shapeshifter)
  14 hornets
  Grinder (D:5)
  2 hydra skeletons (Hell)
  4 wind drakes
  22 raiju
  13 blink frogs
  11 snapping turtles
  10 dream sheep
  12 hippogriffs
  A frost giant simulacrum (Vaults:1)
  3 fire dragon skeletons
  2 harpy skeletons
  14 slime creatures
  An ettin skeleton (Pan)
  6 flying skulls
  5 shadows
  Sigmund (D:5)
  8 redbacks
  2 alligator skeletons
  4 air elementals
  6 wraiths
  3 tarantellas (Vaults:3)
  An ice dragon skeleton (Tar:2)
  24 water elementals
  21 ynoxinuls
  2 spriggans
  2 golden eyes (Abyss:3)
  21 yaks
  2 humans (shapeshifter)
  11 fire elementals
  12 wyverns
  19 chaos spawn (Pan)
  3 steam dragons (Shoals:4)
  4 vampire mosquitoes
  5 hungry ghosts
  A spatial vortex (Abyss:4)
  A yaktaur simulacrum (Depths:1)
  2 basilisks
  21 neqoxecs
  22 nagas
  9 wargs
  An ogre zombie (Vaults:1)
  A harpy simulacrum (D:15)
  An insubstantial wisp (Abyss:3)
  4 acid dragons
  10 small abominations
  26 water moccasins
  7 hell hounds
  Duvessa (D:6)
  2 soldier ants (D:14)
  6 floating eyes
  2 spiny frog zombies
  2 floating eyes (shapeshifter)
  8 porcupines
  A spiny frog skeleton (Hell)
  A fire dragon simulacrum (Abyss:4)
  32 orc warriors
  4 phantoms
  A manticore zombie (Tar:6)
  4 ice beasts
  6 sky beasts
  2 eyes of draining
  3 black bears
  A black bear (shapeshifter) (Elf:3)
  10 starcursed masses (Abyss:4)
  21 ogres
  16 boggarts
  10 necrophages
  15 centaurs
  6 wolves
  7 crocodiles
  3 big kobolds
  A human skeleton (Vaults:5)
  14 bullfrogs
  A deep troll simulacrum (Vaults:3)
  Blork the orc (D:5)
  A wyvern zombie (D:9)
  2 earth elementals (Elf:2)
  2 spiny frog simulacra (Hell)
  Dowan (D:6)
  2 water moccasin skeletons (D:9)
  3 scorpions
  19 killer bees
  17 wights
  A troll skeleton (Tar:2)
  3 electric eels (D:7)
  17 crimson imps
  26 orc priests
  3 quasits
  2 centaur zombies
  7 hounds
  8 jellies
  4 bullfrog skeletons
  A bullfrog zombie (D:12)
  3 iguanas
  24 orc wizards
  Crazy Yiuf (D:5)
  19 worker ants
  A naga skeleton (Pan)
  A tengu skeleton (Tar:6)
  A hound zombie (D:9)
  A hound skeleton (D:4)
  A worker ant zombie (D:8)
  A howler monkey skeleton (D:5)
  14 adders
  10 gnolls
  10 shadow imps
  3 white imps
  An ufetubus (Abyss:4)
  An ooze (D:7)
  2 adder skeletons
  2 worms
  2 leopard geckos (D:2)
  92 orcs
  A ball python (D:3)
  6 giant cockroaches
  6 goblins
  5 hobgoblins
  3 jackals (D:4)
  4 quokkas
  6 bats
  5 frilled lizards
  21 kobolds
  2 quokka zombies
  5 rats
  A butterfly (D:6)
  6 crawling corpses
  3 plants
  3 starspawn tentacles
2431 creatures vanquished.

Vanquished Creatures (collateral kills)
  A pandemonium lord (Pan)
  4 Tzitzimimeh
  2 liches
  A tentacled monstrosity (Pan)
  A titan (Vaults:5)
  A deep elf blademaster (Elf:3)
  A shadow dragon (Hell)
  6 Executioners (Pan)
  2 tengu reavers
  Donald (Snake:4)
  A nagaraja (Snake:4)
  2 fire giants
  4 balrugs (Pan)
  3 frost giants
  An orc warlord (Elf:2)
  A warmonger (Pan)
  2 deep elf sorcerers (Elf:3)
  2 black suns (Pan)
  2 vault wardens
  2 reapers
  A draconian annihilator (Pan)
  3 ironheart preservers
  15 very ugly things
  2 spriggan defenders
  4 stone giants
  A vampire knight (Depths:5)
  A corrupter (Pan)
  An entropy weaver (Vaults:3)
  A yellow draconian (Depths:5)
  3 deep elf demonologists (Elf:3)
  3 deep elf annihilators
  3 spark wasps
  3 ettins
  3 green deaths (Pan)
  4 merfolk impalers
  2 fire dragons
  A fire dragon (shapeshifter) (Depths:1)
  A jiangshi (Tar:2)
  Josephine (Orc:2)
  4 deep elf death magi
  5 yaktaur captains
  3 ogre magi
  2 hydras
  4 great orbs of eyes
  A quicksilver dragon skeleton (Pan)
  4 naga warriors
  3 rakshasas
  3 ice dragons
  2 vault guards (D:15)
  A monstrous demonspawn (Pan)
  3 hell beasts
  A catoblepas (Lair:4)
  A merfolk avatar (Shoals:4)
  3 centaur warriors
  2 anacondas
  13 two-headed ogres
  A dancing weapon (Elf:3)
  A vampire mage (Tar:2)
  An alligator (Shoals:2)
  A deep troll shaman (Depths:1)
  A tengu warrior (Depths:4)
  4 deep troll earth magi
  An orc high priest (Elf:2)
  A naga sharpshooter (Snake:4)
  A shock serpent (Pan)
  2 sun demons (Pan)
  3 spriggan berserkers
  5 soul eaters
  2 deep elf knights (Elf:2)
  A shadow wraith (Pan)
  4 hell knights
  2 shadow demons
  2 salamander mystics
  12 large abominations
  4 sea snakes
  An iron troll (Depths:1)
  13 skeletal warriors
  11 deep trolls
  A torturous demonspawn (Pan)
  An unseen horror (shapeshifter) (Vaults:4)
  A gelid demonspawn (Pan)
  3 deep elf archers
  2 naga ritualists
  A lindwurm (Lair:6)
  A glowing orange brain (Vaults:4)
  2 wizards (Pan)
  3 harpies
  3 deep elf magi
  4 salamanders
  5 manticores
  6 orc knights
  A wolf spider (Lair:6)
  21 ugly things
  A stone giant zombie (Vaults:5)
  A faun (Shoals:1)
  3 mana vipers
  A shadow dragon skeleton (Pan)
  2 oklob plants
  2 merfolk sirens
  2 centaur zombies
  2 frost giant skeletons
  A water nymph (shapeshifter) (Depths:2)
  4 naga magi (Snake:4)
  An orange demon (Pan)
  A smoke demon (Pan)
  2 torpor snails (Lair:6)
  8 black mambas
  2 water nymphs
  A rust devil (Depths:1)
  3 centaur skeletons
  A rime drake (Shoals:4)
  A komodo dragon (shapeshifter) (Depths:1)
  2 efreet (Pan)
  13 yaktaurs
  A tormentor (Pan)
  2 hellwings (Pan)
  A yaktaur zombie (Depths:1)
  2 tengu conjurers (Depths:2)
  6 red devils
  4 demonic crawlers
  5 merfolk
  2 trolls (Orc:2)
  4 hornets
  2 wind drakes
  2 hippogriffs
  A frost giant simulacrum (Vaults:1)
  2 snapping turtles
  13 slime creatures
  A redback (Lair:6)
  A fire giant simulacrum (Depths:1)
  A centaur simulacrum (D:15)
  4 wraiths
  3 spriggans
  An alligator skeleton (Pan)
  4 water elementals
  2 wyverns (Lair:6)
  2 yaks (Lair:3)
  2 neqoxecs (Pan)
  A fire elemental (Elf:2)
  A warg (D:15)
  9 nagas
  An acid dragon (shapeshifter) (D:14)
  A water moccasin (Shoals:2)
  A soldier ant (D:15)
  3 hell hounds
  A small abomination (Abyss:3)
  2 hornet zombies (D:15)
  17 orc warriors
  A boggart (Vaults:1)
  7 ogres
  3 wolves
  A crocodile (Lair:5)
  2 bullfrogs (D:15)
  A big kobold (D:15)
  A scorpion (D:13)
  2 human simulacra (Vaults:1)
  5 killer bees (Lair:3)
  A lava snake (Lair:6)
  2 hounds
  7 orc priests
  A jelly (Lair:6)
  3 orc wizards
  A worker ant (D:13)
  A naga zombie (Tar:2)
  A tengu skeleton (Pan)
  9 orcs
  2 kobolds (D:15)
  A crawling corpse (Elf:3)
  A fire vortex (Pan)
  5 plants
494 creatures vanquished.

Vanquished Creatures (others)
  A deep elf master archer (Elf:3)
  4 eldritch tentacles
  A deep elf elementalist (Elf:3)
  A vault guard (Vaults:5)
  A deep elf knight (Elf:2)
  A deep troll (Depths:1)
  An ugly thing (Abyss:4)
  An orc sorcerer (Elf:2)
  A yaktaur (Depths:2)
  2 raiju (Abyss:3)
  A spriggan (Depths:3)
  2 water elementals (Elf:2)
  4 chaos spawn (Pan)
  2 orc warriors (Elf:2)
  A necrophage (Tar:2)
  An ogre (Depths:1)
  A starcursed mass (Abyss:4)
  6 orcs
  8 fungi
  28 plants
  11 starspawn tentacles
79 creatures vanquished.

Grand Total: 3004 creatures vanquished

Notes
Turn   | Place    | Note
-------+----------+-------------------------------------------
     0 | D:1      | MisterFreud the Gnoll Fighter began the quest for the Orb.
     0 | D:1      | Reached XP level 1. HP: 23/23 MP: 1/1
     8 | D:1      | Noticed a centaur
   202 | D:1      | Reached XP level 2. HP: 29/29 MP: 2/2
   708 | D:2      | Reached XP level 3. HP: 35/35 MP: 3/3
  1040 | D:3      | Reached skill level 1 in Invocations
  1187 | D:3      | Reached skill level 1 in Short Blades
  1187 | D:3      | Reached skill level 1 in Long Blades
  1187 | D:3      | Reached skill level 1 in Axes
  1187 | D:3      | Reached skill level 1 in Maces & Flails
  1187 | D:3      | Reached skill level 1 in Staves
  1187 | D:3      | Reached skill level 1 in Slings
  1187 | D:3      | Reached skill level 1 in Bows
  1187 | D:3      | Reached skill level 1 in Crossbows
  1187 | D:3      | Reached skill level 1 in Throwing
  1187 | D:3      | Reached skill level 1 in Dodging
  1187 | D:3      | Reached skill level 1 in Stealth
  1187 | D:3      | Reached skill level 1 in Unarmed Combat
  1187 | D:3      | Reached skill level 1 in Spellcasting
  1187 | D:3      | Reached skill level 1 in Evocations
  1212 | D:3      | Found a radiant altar of Vehumet.
  1332 | D:3      | Reached XP level 4. HP: 41/41 MP: 5/5
  1392 | D:3      | Reached skill level 1 in Conjurations
  1392 | D:3      | Reached skill level 1 in Hexes
  1392 | D:3      | Reached skill level 1 in Charms
  1392 | D:3      | Reached skill level 1 in Summonings
  1392 | D:3      | Reached skill level 1 in Necromancy
  1392 | D:3      | Reached skill level 1 in Translocations
  1392 | D:3      | Reached skill level 1 in Transmutations
  1392 | D:3      | Reached skill level 1 in Fire Magic
  1392 | D:3      | Reached skill level 1 in Ice Magic
  1392 | D:3      | Reached skill level 1 in Air Magic
  1392 | D:3      | Reached skill level 1 in Earth Magic
  1392 | D:3      | Reached skill level 1 in Poison Magic
  1732 | D:3      | Reached XP level 5. HP: 47/47 MP: 6/6
  2029 | D:4      | Noticed a phantom
  2126 | D:4      | Got a steaming hunting sling
  2150 | D:4      | Found a stormy altar of Qazlal.
  2154 | D:5      | Entered Level 5 of the Dungeon
  2200 | D:5      | Reached XP level 6. HP: 53/53 MP: 8/8
  2201 | D:5      | Found a shimmering altar of Xom.
  2237 | D:5      | Noticed Grinder
  2258 | D:4      | Found a glowing golden altar of the Shining One.
  2383 | D:4      | Reached skill level 5 in Polearms
  2399 | D:4      | Reached skill level 2 in Evocations
  2499 | D:4      | Killed a phantom
  2499 | D:4      | Reached XP level 7. HP: 56/59 MP: 10/10
  2662 | D:4      | Identified the +7 hunting sling of the Nexus {venom, rF+
                  | MR+ Dex+2} (You found it on level 4 of the Dungeon)
  2695 | D:4      | Found Lostryrph's Armour Emporium.
  2705 | D:4      | Bought a +0 cloak for 45 gold pieces
  2809 | D:5      | Noticed Blork the orc
  2817 | D:5      | Killed Blork the orc
  3120 | D:5      | Killed Grinder
  3120 | D:5      | Reached XP level 8. HP: 56/67 MP: 10/12
  3299 | D:5      | Noticed Sigmund
  3370 | D:5      | Killed Sigmund
  3370 | D:5      | Reached skill level 3 in Evocations
  3410 | D:5      | Found a runed translucent door.
  3411 | D:5      | Noticed Crazy Yiuf
  3467 | D:5      | Killed Crazy Yiuf
  3546 | D:6      | Noticed Duvessa
  3546 | D:6      | Noticed Dowan
  3726 | D:6      | Killed Duvessa
  3728 | D:6      | Killed Dowan
  3829 | D:6      | Found an iron altar of Okawaru.
  3887 | D:6      | Found a blossoming altar of Fedhas.
  3952 | D:6      | Found a runed translucent door.
  3953 | D:6      | Found a runed translucent door.
  3979 | D:6      | Reached XP level 9. HP: 72/72 MP: 14/14
  4606 | D:7      | Reached skill level 4 in Evocations
  4737 | D:7      | Found a staircase to the Ecumenical Temple.
  4751 | Temple   | Entered the Ecumenical Temple
  4768 | Temple   | Became a worshipper of Ashenzari the Shackled
  4954 | D:7      | Found a hazy altar of Hepliaklqana.
  4954 | D:7      | Found a bloodstained altar of Trog.
  6093 | D:8      | Reached skill level 5 in Invocations
  6157 | D:8      | Reached XP level 10. HP: 80/80 MP: 17/17
  6602 | D:9      | Reached skill level 5 in Short Blades
  6602 | D:9      | Reached skill level 5 in Long Blades
  6602 | D:9      | Reached skill level 5 in Axes
  6602 | D:9      | Reached skill level 5 in Maces & Flails
  6602 | D:9      | Reached skill level 5 in Staves
  6602 | D:9      | Reached skill level 5 in Slings
  6602 | D:9      | Reached skill level 5 in Bows
  6602 | D:9      | Reached skill level 5 in Crossbows
  6602 | D:9      | Reached skill level 5 in Throwing
  6602 | D:9      | Reached skill level 5 in Dodging
  6602 | D:9      | Reached skill level 5 in Stealth
  6602 | D:9      | Reached skill level 5 in Unarmed Combat
  6602 | D:9      | Reached skill level 5 in Spellcasting
  6602 | D:9      | Reached skill level 5 in Evocations
  6713 | D:9      | Noticed Harold
  6828 | D:9      | Reached * piety under Ashenzari
  7120 | D:8      | Found a staircase to the Lair.
  7774 | D:9      | Killed Harold
  8406 | D:10     | Entered Level 10 of the Dungeon
  8454 | D:10     | Noticed a two-headed ogre
  8469 | D:10     | Reached XP level 11. HP: 56/87 MP: 19/19
  8553 | D:10     | Killed a two-headed ogre
  8607 | D:10     | Reached ** piety under Ashenzari
  9170 | D:11     | Noticed a manticore
  9178 | D:11     | Noticed a brown ugly thing
  9179 | D:11     | Killed a manticore
  9179 | D:11     | Reached skill level 5 in Conjurations
  9179 | D:11     | Reached skill level 5 in Hexes
  9179 | D:11     | Reached skill level 5 in Charms
  9179 | D:11     | Reached skill level 5 in Summonings
  9179 | D:11     | Reached skill level 5 in Necromancy
  9179 | D:11     | Reached skill level 5 in Translocations
  9179 | D:11     | Reached skill level 5 in Transmutations
  9179 | D:11     | Reached skill level 5 in Fire Magic
  9179 | D:11     | Reached skill level 5 in Ice Magic
  9179 | D:11     | Reached skill level 5 in Air Magic
  9179 | D:11     | Reached skill level 5 in Earth Magic
  9179 | D:11     | Reached skill level 5 in Poison Magic
  9179 | D:11     | Reached skill level 6 in Evocations
  9192 | D:11     | Noticed a five-headed hydra
  9203 | D:11     | Killed a brown ugly thing
  9206 | D:11     | Killed a five-headed hydra
  9785 | D:11     | Noticed a two-headed ogre
  9818 | D:11     | Killed a two-headed ogre
  9999 | D:11     | Found a staircase to the Orcish Mines.
 10050 | D:11     | Noticed a five-headed hydra
 10062 | D:11     | Killed a five-headed hydra
 10319 | D:12     | Noticed a cyclops
 10337 | D:12     | Killed a cyclops
 10498 | D:12     | Noticed a two-headed ogre
 10525 | D:12     | Killed a two-headed ogre
 10525 | D:12     | Reached XP level 12. HP: 96/96 MP: 20/22
 10634 | D:12     | Reached *** piety under Ashenzari
 10710 | D:12     | Noticed a centaur warrior
 10731 | D:12     | Killed a centaur warrior
 11131 | D:12     | Noticed Urug
 11176 | D:11     | Reached skill level 7 in Evocations
 11224 | D:12     | Noticed a two-headed ogre
 11340 | D:12     | Killed Urug
 11821 | D:12     | Found Ythroipyo's Jewellery Shoppe.
 12138 | D:12     | Killed a two-headed ogre
 12619 | D:13     | Noticed Sonja
 12620 | D:13     | Noticed a six-headed hydra
 12770 | Lair:1   | Entered Level 1 of the Lair of Beasts
 12775 | Lair:1   | Reached skill level 10 in Fighting
 12775 | Lair:1   | Reached skill level 10 in Armour
 12775 | Lair:1   | Reached skill level 10 in Shields
 13043 | Lair:1   | Identified the +4 dagger of Alidim {pierce, *Contam rF++
                  | Str+7}
 13386 | Lair:1   | Reached XP level 13. HP: 88/103 MP: 24/24
 13436 | Lair:1   | Reached **** piety under Ashenzari
 13827 | Lair:2   | Found a staircase to the Shoals.
 14229 | Lair:2   | Reached skill level 8 in Evocations
 14804 | Lair:3   | Identified a +2 pair of boots of running (You found it on
                  | level 3 of the Lair of Beasts)
 14967 | Lair:2   | Learned a level 4 spell: Summon Lightning Spire
 15037 | Lair:3   | Found a staircase to the Snake Pit.
 15432 | Lair:3   | Found a frozen archway.
 15617 | Lair:3   | Reached ***** piety under Ashenzari
 16119 | Lair:4   | Noticed Nergalle
 16130 | Lair:4   | Killed Nergalle
 16669 | Lair:4   | Reached XP level 14. HP: 111/111 MP: 26/26
 17277 | Lair:5   | Reached skill level 10 in Polearms
 17795 | Lair:5   | Reached skill level 9 in Evocations
 18114 | Lair:5   | Found a blossoming altar of Fedhas.
 18370 | Lair:6   | Entered Level 6 of the Lair of Beasts
 18631 | Lair:6   | Reached ****** piety under Ashenzari
 18793 | Lair:6   | Reached skill level 10 in Invocations
 19328 | Lair:6   | Found a staircase to the Slime Pits.
 19809 | Lair:6   | Found a runed translucent door.
 20402 | Lair:6   | Identified the +12 mace "Undertaker" {protect, rC+ Dex+2}
 20737 | D:13     | Reached XP level 15. HP: 85/119 MP: 28/28
 21200 | D:13     | Found a gate to the Vaults.
 21288 | D:13     | Killed Sonja
 21295 | D:13     | Found an iron altar of Okawaru.
 21563 | D:13     | Found a runed translucent gate.
 21563 | D:13     | Found a runed translucent gate.
 21563 | D:13     | Noticed Ishrer's ghost (journeyman DEFE)
 21564 | D:13     | Found a runed translucent gate.
 22423 | D:15     | Entered Level 15 of the Dungeon
 22533 | D:15     | Found Soat's Gadget Emporium.
 22657 | D:15     | Identified the ring of Pessimism {rPois rF+ rN+ MR+ Stlth+}
 22685 | D:15     | Reached skill level 10 in Short Blades
 22685 | D:15     | Reached skill level 10 in Long Blades
 22685 | D:15     | Reached skill level 10 in Axes
 22685 | D:15     | Reached skill level 10 in Maces & Flails
 22685 | D:15     | Reached skill level 10 in Staves
 22685 | D:15     | Reached skill level 10 in Slings
 22685 | D:15     | Reached skill level 10 in Bows
 22685 | D:15     | Reached skill level 10 in Crossbows
 22685 | D:15     | Reached skill level 10 in Throwing
 22685 | D:15     | Reached skill level 10 in Dodging
 22685 | D:15     | Reached skill level 10 in Stealth
 22685 | D:15     | Reached skill level 10 in Unarmed Combat
 22685 | D:15     | Reached skill level 10 in Spellcasting
 22685 | D:15     | Reached skill level 10 in Evocations
 22712 | D:15     | Found Ucreupti's Magic Scroll Emporium.
 22729 | D:15     | Bought a scroll of blinking for 127 gold pieces
 22729 | D:15     | Bought a scroll of blinking for 127 gold pieces
 22729 | D:15     | Bought a scroll of remove curse for 51 gold pieces
 22825 | D:15     | Paralysed by an orc sorcerer for 6 turns
 22865 | D:15     | Identified the ring of Hiumuet {Wiz Int+4}
 23024 | D:15     | Found Uxtoz's Weapon Emporium.
 23248 | D:15     | Found a staircase to the Depths.
 23248 | D:15     | Noticed a frost giant
 23265 | D:15     | Killed a frost giant
 23490 | D:15     | Identified the cursed ring "Duthritom" {AC-2 Str+3 Int+3
                  | Dex+6}
 23622 | D:15     | Reached XP level 16. HP: 107/127 MP: 25/30
 23792 | D:15     | Upgraded the game from 0.25-a0-265-g7af84ae0ac to
                  | 0.25-a0-277-g7046ed1b37
 23891 | D:12     | Bought the amulet of Xom's Capriciousness {RegenMP *Slow
                  | rC+ MR+ Dex+7} for 704 gold pieces
 24068 | D:15     | Learned a level 6 spell: Deflect Missiles
 24075 | D:15     | Learned a level 6 spell: Invisibility
 24092 | D:15     | Learned a level 6 spell: Iron Shot
 24096 | D:15     | Learned a level 3 spell: Regeneration
 24149 | Orc:1    | Entered Level 1 of the Orcish Mines
 24247 | Orc:1    | Found a runed translucent gate.
 24248 | Orc:1    | Found a runed translucent gate.
 24249 | Orc:1    | Found a runed translucent gate.
 24251 | Orc:1    | Noticed Ciad's ghost (journeyman MiBe)
 24569 | Orc:2    | Entered Level 2 of the Orcish Mines
 24740 | Orc:2    | Noticed Josephine
 24750 | Orc:2    | Killed Josephine
 25260 | Orc:2    | Noticed Rupert
 25556 | Orc:2    | Found a roughly hewn altar of Beogh.
 25581 | Orc:2    | Found Miugis's General Store.
 25627 | Orc:2    | Killed Rupert
 25651 | Orc:2    | Found Vytzurch's Antique Weapon Shoppe.
 25662 | Orc:2    | Found Xousiph's Antique Armour Shoppe.
 25717 | Orc:2    | Bought a +0 pair of boots for 76 gold pieces
 26087 | Orc:2    | Found Loga Yhairegh's Book Shoppe.
 26145 | Orc:2    | Found a staircase to the Elven Halls.
 26473 | Shoals:1 | Entered Level 1 of the Shoals
 26854 | Shoals:1 | Identified the ring "Maxof" {rN+ EV+2}
 28630 | Shoals:2 | Reached skill level 11 in Evocations
 28901 | Shoals:2 | Found Pedamuv's Gadget Shoppe.
 29100 | Shoals:2 | Reached XP level 17. HP: 135/135 MP: 32/32
 30138 | Shoals:4 | Entered Level 4 of the Shoals
 31702 | Shoals:4 | Identified the ring of Nugech {Fire Str+4}
 32473 | Shoals:4 | Got a barnacled rune of Zot
 32890 | Snake:1  | Entered Level 1 of the Snake Pit
 33745 | Snake:1  | Identified the +12 falchion "Goblinslayer" {drain, rN+
                  | Dex+7 SInv Stlth-}
 34335 | Snake:2  | Reached skill level 10 in Conjurations
 34335 | Snake:2  | Reached skill level 10 in Hexes
 34335 | Snake:2  | Reached skill level 10 in Charms
 34335 | Snake:2  | Reached skill level 10 in Summonings
 34335 | Snake:2  | Reached skill level 10 in Necromancy
 34335 | Snake:2  | Reached skill level 10 in Translocations
 34335 | Snake:2  | Reached skill level 10 in Transmutations
 34335 | Snake:2  | Reached skill level 10 in Fire Magic
 34335 | Snake:2  | Reached skill level 10 in Ice Magic
 34335 | Snake:2  | Reached skill level 10 in Air Magic
 34335 | Snake:2  | Reached skill level 10 in Earth Magic
 34335 | Snake:2  | Reached skill level 10 in Poison Magic
 34369 | Snake:2  | Reached skill level 12 in Evocations
 34430 | Snake:2  | Reached XP level 18. HP: 143/143 MP: 33/33
 34914 | Snake:3  | Learned a level 5 spell: Borgnjor's Vile Clutch
 35477 | Snake:3  | Found an ornate altar of the Wu Jian Council.
 35827 | Snake:4  | Entered Level 4 of the Snake Pit
 35898 | Snake:4  | Found Ufumubrula's Weapon Emporium.
 36837 | Snake:4  | Got a serpentine rune of Zot
 36848 | Snake:4  | Noticed Bai Suzhen
 37018 | Snake:4  | Noticed Donald
 37030 | Snake:4  | Killed Donald
 37702 | Snake:4  | Killed Bai Suzhen
 37702 | Snake:4  | Reached skill level 13 in Evocations
 38091 | Vaults:1 | Entered Level 1 of the Vaults
 38680 | Vaults:1 | Reached XP level 19. HP: 151/151 MP: 35/35
 40123 | Vaults:2 | Found Eraiwor's Distillery.
 41307 | Vaults:2 | Identified the +5 arbalest of Watchfulness {venom, rPois
                  | Dex+2}
 41716 | Vaults:3 | Found a staircase to the Crypt.
 42085 | Vaults:3 | Reached skill level 14 in Evocations
 42955 | Vaults:3 | Noticed a lich
 42963 | Vaults:3 | Killed a lich
 42963 | Vaults:3 | Reached XP level 20. HP: 159/159 MP: 18/36
 45220 | Vaults:4 | Noticed Sojobo
 45234 | Vaults:4 | Reached skill level 15 in Evocations
 45610 | Vaults:4 | Killed Sojobo
 46639 | Elf:1    | Entered Level 1 of the Elven Halls
 46894 | Elf:1    | Noticed Frances
 46915 | Elf:1    | Killed Frances
 47234 | Elf:1    | Reached XP level 21. HP: 166/166 MP: 38/38
 47823 | Elf:1    | Found the +3 robe of Folly {Archmagi, MR-- Int+5}
 48191 | Elf:2    | Found a runed translucent gate.
 48191 | Elf:2    | Found a runed translucent gate.
 48191 | Elf:2    | Found a runed translucent gate.
 48236 | Elf:2    | Noticed Azrael
 48265 | Elf:2    | Killed Azrael
 48392 | Elf:2    | Identified Roxanne's Incunabulum of Transmutation
 48392 | Elf:2    | Noticed Roxanne
 48392 | Elf:2    | Noticed Aizul
 48406 | Elf:2    | Killed Aizul
 48455 | Elf:2    | Killed Roxanne
 48473 | Elf:2    | Learned a level 6 spell: Statue Form
 48545 | Elf:2    | Gained mutation: Your spells are a little easier to cast,
                  | but a little less powerful. [mutagenic glow]
 48564 | Elf:2    | Identified the +3 leather armour "Duikyosh" {rN+ Str+4
                  | Int+4 Dex-5}
 48564 | Elf:2    | Identified the +2 ring mail of the Bull {rElec rC+}
 48564 | Elf:2    | Identified the cursed +0 chain mail of the Comet {rElec
                  | rN++ rCorr Slay-5} (You found it on level 2 of the Vaults)
 48764 | Elf:2    | Found a roughly hewn altar of Beogh.
 49152 | Elf:2    | Reached skill level 15 in Fighting
 49152 | Elf:2    | Reached skill level 15 in Armour
 49152 | Elf:2    | Reached skill level 15 in Shields
 49469 | Elf:2    | Noticed Nikola
 49483 | Elf:2    | Noticed Saint Roka
 49492 | Elf:2    | Killed Nikola
 49885 | Elf:2    | Killed Saint Roka
 50232 | Elf:3    | Entered Level 3 of the Elven Halls
 50241 | Elf:3    | Learned a level 7 spell: Spellforged Servitor
 50300 | Elf:3    | Reached skill level 15 in Invocations
 50384 | Elf:3    | Reached skill level 16 in Evocations
 50542 | Elf:3    | Identified the +1 ring mail of the Duke {*Contam Int+6}
 50591 | Elf:3    | Identified the +2 battleaxe of Fupt {speed, Fragile rElec
                  | MP+9 Dex-2}
 51059 | Elf:3    | Found the +2 hat of the Bear Spirit {Spirit, +Rage rN+
                  | MR++}
 51094 | Elf:3    | Identified Sif Muna's Catalogue of Poisonous Ignition
 51096 | Elf:3    | Identified Sif Muna's Papyrus of the Volcanoes and the
                  | Entourage
 51112 | Elf:3    | Identified Sif Muna's Handbook of the Supportive Oath
 51116 | Elf:3    | Identified the Guide on the Ashen Escort
 51231 | Elf:3    | Reached XP level 22. HP: 175/175 MP: 40/40
 52008 | Depths:1 | Entered Level 1 of the Depths
 52096 | Depths:1 | Found a gateway to a ziggurat.
 52720 | Depths:1 | Found a one-way gate to the infinite horrors of the Abyss.
 52932 | Depths:1 | Found a gateway to Hell.
 53041 | Depths:1 | Reached skill level 15 in Polearms
 53451 | Depths:2 | Found a snail-covered altar of Cheibriados.
 53549 | Depths:2 | Reached skill level 17 in Evocations
 53750 | Depths:2 | Identified the +7 dagger "Ogguemeu" {pierce, rC+ Dex+3}
 53918 | Depths:2 | Reached XP level 23. HP: 183/183 MP: 22/41
 54166 | Depths:2 | Paralysed by a floating eye for 2 turns
 54566 | Depths:2 | Found a one-way gate leading to the halls of Pandemonium.
 54956 | Depths:3 | Reached skill level 15 in Short Blades
 54956 | Depths:3 | Reached skill level 15 in Long Blades
 54956 | Depths:3 | Reached skill level 15 in Axes
 54956 | Depths:3 | Reached skill level 15 in Maces & Flails
 54956 | Depths:3 | Reached skill level 15 in Staves
 54956 | Depths:3 | Reached skill level 15 in Slings
 54956 | Depths:3 | Reached skill level 15 in Bows
 54956 | Depths:3 | Reached skill level 15 in Crossbows
 54956 | Depths:3 | Reached skill level 15 in Throwing
 54956 | Depths:3 | Reached skill level 15 in Dodging
 54956 | Depths:3 | Reached skill level 15 in Stealth
 54956 | Depths:3 | Reached skill level 15 in Unarmed Combat
 54956 | Depths:3 | Reached skill level 15 in Spellcasting
 55726 | Depths:4 | Noticed a caustic shrike
 55730 | Depths:4 | Killed a caustic shrike
 55844 | Depths:4 | Reached skill level 18 in Evocations
 55945 | Depths:4 | Identified the +6 quarterstaff of Iqaw {holy, +Inv +Fly
                  | rPois}
 55955 | Depths:4 | Found an opulent altar of Gozag.
 55956 | Depths:4 | Found an iron altar of Okawaru.
 55978 | Depths:4 | Found a sparkling altar of Nemelex Xobeh.
 55979 | Depths:4 | Found a hide-covered altar of Uskayaw.
 55997 | Depths:4 | Reached XP level 24. HP: 191/191 MP: 42/42
 56183 | Depths:4 | Found Uturydel's General Store.
 56186 | Depths:4 | Bought a scroll of teleportation for 42 gold pieces
 56781 | Depths:5 | Entered Level 5 of the Depths
 57136 | Depths:5 | Identified the Tome of the Voyage and the Escort
 57183 | Depths:5 | Identified the cursed +1 dagger "Liunoit" {freeze, rElec}
 57513 | Depths:5 | Found a gate to the Realm of Zot.
 57877 | Vaults:5 | Entered Level 5 of the Vaults
 57893 | Vaults:5 | Identified a scroll of acquirement
 57896 | Vaults:5 | Identified the Compendium of Creation (You acquired it on
                  | level 5 of the Vaults)
 58013 | Vaults:5 | Got a silver rune of Zot
 58055 | Vaults:5 | Gained mutation: You occasionally shout uncontrollably at
                  | your foes. [a shining eye]
 58274 | Vaults:5 | Identified the +7 mace "Ynir Kum" {crush, rPois rN+ Dex-5}
 58295 | Vaults:5 | Noticed Margery
 58304 | Vaults:5 | Identified the cursed +1 falchion "Pendulum" {slice, rN+
                  | MP+9 Int-3}
 58314 | Vaults:5 | Reached XP level 25. HP: 153/200 MP: 39/42
 58321 | Vaults:5 | Reached skill level 19 in Evocations
 58323 | Vaults:5 | Killed Margery
 58571 | Vaults:5 | Identified the cursed +0 rapier "Zuyc Vuk" {pierce, rF+ MR+
                  | Dex+4}
 58677 | Vaults:5 | Identified the +10 scimitar of Grandeur {freeze, +Fly MR-
                  | Int+4}
 58677 | Vaults:5 | Identified the +5 plate armour of the Monk {rPois MR-
                  | Str+4}
 58917 | Vaults:5 | Identified the ring of Xasmautucw {*Tele +Blink rF+++ Str-2
                  | Stlth+}
 58996 | Vaults:5 | Identified the Disquisition on the Arsonist and Necromancy
 59613 | Hell     | Entered the Vestibule of Hell
 59613 | Hell     | Noticed Geryon
 59642 | Hell     | Killed Geryon
 60131 | Hell     | Found a gateway to the ashen valley of Gehenna.
 60208 | Hell     | Found a gateway to the decaying netherworld of Tartarus.
 60281 | Hell     | Found a gateway to the freezing wastes of Cocytus.
 60307 | Hell     | Reached XP level 26. HP: 208/208 MP: 43/43
 60336 | Hell     | Noticed Murray
 60351 | Hell     | Killed Murray
 60371 | Hell     | Found a gateway to the Iron City of Dis.
 60520 | Depths:1 | Voluntarily entered the Abyss.
 60636 | Abyss:1  | Identified the +3 morningstar of Certain Death {drain, rC+
                  | Dex+4 Stlth+}
 60659 | Abyss:3  | Gained mutation: Scrolls take you a little longer to read.
                  | [a cacodemon]
 60660 | Abyss:3  | Gained mutation: Scrolls take you longer to read. [a
                  | shining eye]
 60663 | Abyss:3  | Gained mutation: You are clumsy. (Dex -2) [a shining eye]
 60664 | Abyss:3  | Gained mutation: Armour fits poorly on your strangely
                  | shaped body. [a shining eye]
 60667 | Abyss:3  | Gained mutation: You sometimes yell uncontrollably at your
                  | foes. [a shining eye]
 60673 | Abyss:3  | Paralysed by accursed screaming for 1 turns
 60695 | Abyss:3  | Lost mutation: You are clumsy. (Dex -2) [potion of
                  | mutation]
 60695 | Abyss:3  | Lost mutation: Scrolls take you longer to read. [potion of
                  | mutation]
 60695 | Abyss:3  | Lost mutation: You sometimes yell uncontrollably at your
                  | foes. [potion of mutation]
 60695 | Abyss:3  | Gained mutation: Your flesh is heat resistant. (rF+)
                  | [potion of mutation]
 60696 | Abyss:3  | Lost mutation: Scrolls take you a little longer to read.
                  | [potion of mutation]
 60696 | Abyss:3  | Lost mutation: Your spells are a little easier to cast, but
                  | a little less powerful. [potion of mutation]
 60696 | Abyss:3  | Lost mutation: You occasionally shout uncontrollably at
                  | your foes. [potion of mutation]
 60696 | Abyss:3  | Gained mutation: Your magical capacity is low. (-10% MP)
                  | [potion of mutation]
 60696 | Abyss:3  | Gained mutation: You are agile. (Dex +2) [potion of
                  | mutation]
 60750 | Abyss:3  | Found a sparkling altar of Nemelex Xobeh.
 60871 | Abyss:3  | Found a sparkling altar of Nemelex Xobeh.
 60919 | Abyss:3  | Reached skill level 20 in Evocations
 61140 | Abyss:4  | Found a corrupted altar of Lugonu.
 61193 | Abyss:4  | Gained mutation: Scrolls take you a little longer to read.
                  | [a neqoxec]
 61298 | Abyss:4  | Found a corrupted altar of Lugonu.
 61355 | Abyss:4  | Found a corrupted altar of Lugonu.
 61373 | Abyss:4  | Paralysed by accursed screaming for 1 turns
 61376 | Abyss:4  | Paralysed by accursed screaming for 1 turns
 61401 | Abyss:4  | Found a corrupted altar of Lugonu.
 61421 | Abyss:4  | Got an abyssal rune of Zot
 61477 | Abyss:4  | Found a corrupted altar of Lugonu.
 61712 | Depths:1 | Escaped the Abyss
 61717 | Depths:1 | Lost mutation: You are agile. (Dex +2) [potion of mutation]
 61717 | Depths:1 | Lost mutation: Scrolls take you a little longer to read.
                  | [potion of mutation]
 61717 | Depths:1 | Lost mutation: Your magical capacity is low. (-10% MP)
                  | [potion of mutation]
 61717 | Depths:1 | Lost mutation: Armour fits poorly on your strangely shaped
                  | body. [potion of mutation]
 61717 | Depths:1 | Gained mutation: You are weak. (Str -2) [potion of
                  | mutation]
 61717 | Depths:1 | Gained mutation: You expend magic power (3 MP) to
                  | strengthen your wands. [potion of mutation]
 61717 | Depths:1 | Gained mutation: Your natural rate of healing is unusually
                  | fast. [potion of mutation]
 61717 | Depths:1 | Gained mutation: You have sharp toenails. [potion of
                  | mutation]
 61871 | Pan      | Entered Pandemonium
 61933 | Pan      | Learned a level 8 spell: Ignition
 61945 | Pan      | Identified the +10 mace of Imminent Death {vamp, *Corrode
                  | rElec rF+++ MP+9}
 62307 | Pan      | Noticed Dioxa the pandemonium lord
 62320 | Pan      | Killed Dioxa the pandemonium lord
 62752 | Pan      | Noticed Asieckot the pandemonium lord
 62765 | Pan      | Killed Asieckot the pandemonium lord
 62765 | Pan      | Reached XP level 27. HP: 150/217 MP: 31/44
 62794 | Pan      | Got a demonic rune of Zot
 62825 | Pan      | Noticed Zyr Ajor the pandemonium lord
 63527 | Pan      | Killed Zyr Ajor the pandemonium lord
 63528 | Pan      | Reached skill level 21 in Evocations
 63774 | Pan      | Entered the realm of Cerebov.
 63880 | Pan      | Upgraded the game from 0.25-a0-277-g7046ed1b37 to
                  | 0.25-a0-280-gfa4545f159
 64575 | Pan      | Identified the amulet of Zauneane {Acrobat +Fly rC+ Str+3}
 64575 | Pan      | Identified the +6 morningstar "Byag Futt" {flame, +Rage}
 64708 | Pan      | Learned a level 5 spell: Aura of Abjuration
 64728 | Pan      | Learned a level 8 spell: Lehudib's Crystal Spear
 64829 | Pan      | Identified the +6 sword of Cerebov {flame}
 64829 | Pan      | Noticed Cerebov
 64858 | Pan      | Killed Cerebov
 64858 | Pan      | Reached skill level 15 in Conjurations
 64858 | Pan      | Reached skill level 15 in Hexes
 64858 | Pan      | Reached skill level 15 in Charms
 64858 | Pan      | Reached skill level 15 in Summonings
 64858 | Pan      | Reached skill level 15 in Necromancy
 64858 | Pan      | Reached skill level 15 in Translocations
 64858 | Pan      | Reached skill level 15 in Transmutations
 64858 | Pan      | Reached skill level 15 in Fire Magic
 64858 | Pan      | Reached skill level 15 in Ice Magic
 64858 | Pan      | Reached skill level 15 in Air Magic
 64858 | Pan      | Reached skill level 15 in Earth Magic
 64858 | Pan      | Reached skill level 15 in Poison Magic
 64911 | Pan      | Identified the +3 plate armour of Calculation {Dex+4}
 64911 | Pan      | Identified the amulet "Finych" {Harm *Drain rC+ Slay+2}
 64956 | Pan      | Got a fiery rune of Zot
 65098 | Pan      | Identified the Papyrus of Conjuration
 65284 | Pan      | Entered the realm of Mnoleg.
 65378 | Pan      | Gained mutation: You are dopey. (Int -2) [a neqoxec]
 65388 | Pan      | Gained mutation: Your magical capacity is low. (-10% MP) [a
                  | neqoxec]
 65389 | Pan      | Gained mutation: Armour fits poorly on your strangely
                  | shaped body. [a neqoxec]
 65500 | Pan      | Noticed Mnoleg
 65518 | Pan      | Gained mutation: You are very dopey. (Int -4) [a cacodemon]
 65544 | Pan      | Gained mutation: You are occasionally teleported next to
                  | monsters. [a cacodemon]
 65546 | Pan      | Gained mutation: You are clumsy. (Dex -2) [Mnoleg's
                  | mutagenic touch]
 65549 | Pan      | Killed Mnoleg
 65585 | Pan      | Got a glowing rune of Zot
 65787 | Pan      | Gained mutation: Your body sometimes deteriorates upon
                  | taking damage. [a neqoxec]
 65788 | Pan      | Gained mutation: Potions are less effective at restoring
                  | your health. [a neqoxec]
 65945 | Pan      | Gained mutation: Potions are poor at restoring your health.
                  | [a cacodemon]
 65947 | Pan      | Gained mutation: You are frail. (-10% HP) [a cacodemon]
 65949 | Pan      | Gained mutation: You are very frail. (-20% HP) [a
                  | cacodemon]
 65956 | Pan      | Gained mutation: Your magical capacity is very low. (-20%
                  | MP) [a cacodemon]
 65980 | Pan      | Gained mutation: You are extremely frail. (-30% HP) [a
                  | cacodemon]
 66010 | Pan      | Gained mutation: You tend to lose your temper in combat. [a
                  | cacodemon]
 66011 | Pan      | Gained mutation: You are very weak. (Str -4) [a cacodemon]
 66036 | Pan      | Gained mutation: Your spells are a little easier to cast,
                  | but a little less powerful. [a cacodemon]
 66038 | Pan      | Gained mutation: You occasionally shout uncontrollably at
                  | your foes. [a cacodemon]
 66041 | Pan      | Identified the cursed +0 morningstar "Paud" {elec, +Blink
                  | MP+9}
 66197 | Pan      | Found an exit through the horrors of the Abyss.
 66212 | Pan      | Entered the realm of Gloorx Vloq.
 66312 | Pan      | Found an exit through the horrors of the Abyss.
 66869 | Pan      | Reached skill level 22 in Evocations
 66943 | Pan      | Learned a level 1 spell: Apportation
 66946 | Pan      | Noticed Gloorx Vloq
 67076 | Pan      | Got a dark rune of Zot
 67272 | Pan      | Gained mutation: You are sometimes teleported next to
                  | monsters. [a cacodemon]
 67311 | Pan      | Found a transporter.
 67315 | Pan      | Identified the +0 pair of boots "Avin Wao" {rN+ MR+ MP+9
                  | Int+2}
 67318 | Pan      | Identified the amulet "Jitaoly" {rPois rF+ Regen+ Dex+2}
 67719 | Pan      | Noticed Bemiw the pandemonium lord
 67728 | Pan      | Killed Bemiw the pandemonium lord
 68093 | Pan      | Entered the realm of Lom Lobon.
 68321 | Pan      | Noticed Lom Lobon
 68323 | Pan      | Got a magical rune of Zot
 68556 | Pan      | Noticed Jafar the pandemonium lord
 69004 | Depths:2 | Escaped Pandemonium
 69005 | Depths:2 | Lost mutation: You are clumsy. (Dex -2) [potion of
                  | mutation]
 69005 | Depths:2 | Lost mutation: Your magical capacity is very low. (-20% MP)
                  | [potion of mutation]
 69005 | Depths:2 | Lost mutation: You expend magic power (3 MP) to strengthen
                  | your wands. [potion of mutation]
 69005 | Depths:2 | Lost mutation: Your spells are a little easier to cast, but
                  | a little less powerful. [potion of mutation]
 69005 | Depths:2 | Gained mutation: You are partially covered in thin metallic
                  | scales. (AC +2) [potion of mutation]
 69114 | Tar:1    | Entered Level 1 of Tartarus
 69774 | Tar:3    | HP: 7/201 [bone dragon[a doom hound] (7)]
 69874 | Tar:4    | You fall into a shaft and drop 2 floors!
 69984 | Tar:7    | Entered Level 7 of Tartarus
 70132 | Tar:7    | Noticed Ereshkigal
 70137 | Tar:7    | Got a bone rune of Zot
 70159 | Tar:7    | Identified the ring "Macsover" {*Tele rC+}
 70301 | Tar:7    | HP: 6/201 [Tzitzimitl/bolt of negative energy[the effects
                  | of Hell] (15)]
 70302 | Tar:7    | HP: 2/201 [shadow wraith (5)]
 70306 | Hell     | Mangled by a shadow wraith

Levels and vault maps discovered:
D:1:      evilmike_arrival_come_back, layout_rooms
D:2:      layout_loops_ring
D:3:      layout_basic, nicolae_overflow_hidden_temple, lemuel_crystal_altar
D:4:      layout_rooms, kennysheep_mini_moat, serial_shops,
          nicolae_shop_behind_doors, grunt_qazlal_clouds
D:5:      layout_loops_cross, basic_altar, first_ration,
          uniq_crazy_yiuf_cottage, uniq_grinder, uniq_blork_the_orc,
          uniq_sigmund
D:6:      lemuel_insect_pit, layout_basic, okawaru_gym_becter,
          lemuel_doored_altar, uniq_duvessa
D:7:      layout_loops_ring, amethyst_overflow_temple_binary,
          minmay_temple_entry_drinking_statues, the_bakery, chequers_big_river
D:8:      layout_basic, erik_lair_orcish_takeover
D:9:      layout_basic, uniq_harold
D:10:     layout_basic
D:11:     layout_basic, orc_0_dummy
D:12:     layout_stronghold, serial_shops, shop, minmay_misc_feat_rugged,
          sword_in_stone
D:13:     layout_roguey, skrybe_vaults_entry_preservation, basic_altar,
          gammafunk_ghost_hydra_chop, uniq_sonja
D:14:     layout_roguey
D:15:     hangedman_spin_cycle
Temple:   eino_wide_crystal_templ
Lair:1:   layout_loops_ring, infiniplex_staircase_pool, grunt_megastairs_3,
          minmay_lair_oklob_chamber
Lair:2:   layout_cave_shapes, minmay_shoals_entry_beasts, lemuel_fruit_tree,
          grunt_megastairs_4, infiniplex_staircase_pool_2
Lair:3:   layout_roguey [special_room_bee], minmay_snake_entry_guardpost_small,
          portal_ice_cave_rime
Lair:4:   nzn_motion_control, layout_gridlike, uniq_nergalle
Lair:5:   layout_roguey, tgw_fedhas, grunt_megastairs_2, serial_bayou_shore_b
Lair:6:   hangedman_lair_tendril_chambers, layout_gridlike, wormcave,
          minmay_slime_entry_pillars
Shoals:1: layout_shoals
Shoals:2: layout_shoals, serial_shops, nicolae_shop_stone,
          nicolae_shoals_siren_and_animal_friends
Shoals:3: layout_shoals, nicolae_shoals_this_corrosion
Shoals:4: shoals_end_simple, layout_shoals, nicolae_shoals_drake_roost
Snake:1:  layout_rooms, st_stairs_10, grunt_ministairs_3
Snake:2:  layout_rooms
Snake:3:  layout_misc_corridors, basic_altar, guppyfry_library_mini
Snake:4:  snake_pit, layout_misc_corridors, serial_shops, nicolae_shop_trees,
          serial_bayou_crossing, uniq_bai_suzhen, uniq_donald
Orc:1:    layout_diamond_mine, gammafunk_ghost_necromancy
Orc:2:    grunt_orc_cross, layout_diamond_mine, enter_volcano_1, uniq_josephine,
          uniq_rupert
Elf:1:    minmay_guarded_unrand_folly, layout_geoelf_octagon,
          hangedman_elf_represent, uniq_frances
Elf:2:    layout_loops_ring, special_room [special_room_orc], uniq_azrael,
          uniq_nikola, uniq_saint_roka, uniq_roxanne, uniq_aizul
Elf:3:    minmay_elf_hall_statues, layout_geoelf_diagonals, nicolae_elf_v_pinch
Vaults:1: hangedman_vaults_restitches, nicolae_vaults_three_branches,
          hangedman_vaults_impose, hangedman_vaults_nails,
          nicolae_vaults_little_squares_4, vaults_room_door_ring,
          layout_vaults_omnigrid
Vaults:2: nicolae_vaults_yaktaur_gun_rack, v_misc_24, hangedman_vaults_cutoff,
          v_misc_19, vaults_mumra_chevron, layout_vaults_chaotic_city,
          serial_shops, shop
Vaults:3: v_rooms_4, vaults_room_grid, nicolae_vaults_arrows,
          minmay_crypt_entry_simple_corners, nicolae_vaults_theta,
          hangedman_vaults_slice, v_misc_28, nicolae_vaults_asterisk,
          v_pattern_2, vaults_room_corners, vaults_room_glass_cross,
          nicolae_vaults_theta, vaults_room_hallway,
          nicolae_vaults_diagonal_hallway_6, vaults_room_pool,
          layout_vaults_omnicross
Vaults:4: v_misc_1, hangedman_vaults_stagger, nicolae_vaults_network_quincunx
          [nicolae_vaults_network_quincunx_subvault,
          nicolae_vaults_network_quincunx_subvault,
          nicolae_vaults_network_quincunx_subvault,
          nicolae_vaults_network_quincunx_subvault,
          nicolae_vaults_network_quincunx_subvault],
          nicolae_vaults_hallways_thing, st_lines, hangedman_vaults_maws,
          vaults_mumra_hex, v_alt_pattern_3, nicolae_vaults_network_periphery,
          vaults_room_door_ring, v_alt_pattern_3,
          nicolae_vaults_little_squares_2, vaults_room_grid,
          layout_vaults_maze_bifur, uniq_sojobo
Vaults:5: serial_shops, uniq_margery
Depths:1: layout_cave_pools, enter_ziggurat_c, serial_glass, glass_columns_a,
          glass_columns_a, grunt_mini_vestibule, abyss_entry, drop_trap,
          nicolae_water_bricks, minivault_10, lemuel_nasty_fountain
Depths:2: nooodl_heptagram, layout_cave_pools, rand_demon_pan_entry_9,
          hell_entry, lemuel_round_altar, abyss_entry, st_stairs_9
Depths:3: kennysheep_blocky_room, layout_cave_shapes, pan_entry,
          abyss_entry_small_statue_room, kennysheep_path_1, hell_entry
Depths:4: minmay_the_grid_octo_tiled_squarecenter_mashed
          [minmay_the_grid_octo_thin_diamonds,
          minmay_the_grid_octo_tetromino_candy, minmay_the_grid_octo_77,
          minmay_the_grid_octo_shrine,
          minmay_the_grid_square_5x5_megaprize_open,
          minmay_the_grid_square_5x5_fat_x, minmay_the_grid_square_5x5_inset,
          minmay_the_grid_square_5x5_inner_i, minmay_the_grid_square_5x5_n],
          layout_honeycomb, hangedman_decor_lopped, hellmouth_1, serial_shops,
          nicolae_shop_behind_doors, abyss_entry_crystal, pan_entry
Depths:5: grunt_zot_entry_hairpin, layout_cave_pools, special_room
          [special_room_magic_class], minmay_misc_feat_tiny,
          hangedman_tar_grid_catacomb, marbit_kobold_abyss_entry,
          hangedman_abyss_or_decor_clamps
Hell
Tar:1:    layout_grid_maze, hangedman_tartarus_temple_path
Tar:2:    layout_honeycomb
Tar:3:    layout_honeycomb
Tar:4:    layout_grid_maze
Tar:6:    regret_index_dithmenos_brocken_genspenst, layout_grid_maze
Tar:7:    tar_grunt_cathedral

Skill      XL: |  1  2  3  4  5  6  7  8  9 10 11 12 13 14 15 16 17 18 19 20 21 22 23 24 25 26 27 |
---------------+----------------------------------------------------------------------------------+-----
Invocations    | 1 2 3 4 5 6 7 8 9 10 11 12 13 14 15 16 17 18 20 | 20.0
Short Blades   | 1 2 3 4 5 6 7 8 9 10 11 12 13 14 15 16 17 18 | 18.6
Long Blades    | 1 2 3 4 5 6 7 8 9 10 11 12 13 14 15 16 17 18 | 18.6
Axes           | 1 2 3 4 5 6 7 8 9 10 11 12 13 14 15 16 17 18 | 18.6
Maces & Flails | 1 2 3 4 5 6 7 8 9 10 11 12 13 14 15 16 17 18 | 18.6
Staves         | 1 2 3 4 5 6 7 8 9 10 11 12 13 14 15 16 17 18 | 18.6
Slings         | 1 2 3 4 5 6 7 8 9 10 11 12 13 14 15 16 17 18 | 18.6
Bows           | 1 2 3 4 5 6 7 8 9 10 11 12 13 14 15 16 17 18 | 18.6
Crossbows      | 1 2 3 4 5 6 7 8 9 10 11 12 13 14 15 16 17 18 | 18.6
Throwing       | 1 2 3 4 5 6 7 8 9 10 11 12 13 14 15 16 17 18 | 18.6
Dodging        | 1 2 3 4 5 6 7 8 9 10 11 12 13 14 15 16 17 18 | 18.6
Stealth        | 1 2 3 4 5 6 7 8 9 10 11 12 13 14 15 16 17 18 | 18.6
Unarmed Combat | 1 2 3 4 5 6 7 8 9 10 11 12 13 14 15 16 17 18 | 18.6
Spellcasting   | 1 2 3 4 5 6 7 8 9 10 11 12 13 14 15 16 17 18 | 18.6
Evocations     | 1 2 3 4 5 6 7 8 9 10 11 12 13 14 15 16 17 18 19 20 22 | 22.9
Conjurations   | 1 2 3 4 5 6 7 8 9 10 11 12 13 14 16 | 16.0
Hexes          | 1 2 3 4 5 6 7 8 9 10 11 12 13 14 16 | 16.0
Charms         | 1 2 3 4 5 6 7 8 9 10 11 12 13 14 16 | 16.0
Summonings     | 1 2 3 4 5 6 7 8 9 10 11 12 13 14 16 | 16.0
Necromancy     | 1 2 3 4 5 6 7 8 9 10 11 12 13 14 16 | 16.0
Translocations | 1 2 3 4 5 6 7 8 9 10 11 12 13 14 16 | 16.0
Transmutations | 1 2 3 4 5 6 7 8 9 10 11 12 13 14 16 | 16.0
Fire Magic     | 1 2 3 4 5 6 7 8 9 10 11 12 13 14 16 | 16.0
Ice Magic      | 1 2 3 4 5 6 7 8 9 10 11 12 13 14 16 | 16.0
Air Magic      | 1 2 3 4 5 6 7 8 9 10 11 12 13 14 16 | 16.0
Earth Magic    | 1 2 3 4 5 6 7 8 9 10 11 12 13 14 16 | 16.0
Poison Magic   | 1 2 3 4 5 6 7 8 9 10 11 12 13 14 16 | 16.0
Polearms       | 5 6 7 8 9 10 11 12 13 14 15 16 17 19 | 19.0
Fighting       | 7 8 9 10 11 12 13 14 15 16 17 19 | 19.4
Armour         | 7 8 9 10 11 12 13 14 15 16 17 19 | 19.4
Shields        | 7 8 9 10 11 12 13 14 15 16 18 19 21 | 21.6

Action                   |  1- 3 |  4- 6 |  7- 9 | 10-12 | 13-15 | 16-18 | 19-21 | 22-24 | 25-27 || total
-------------------------+-------+-------+-------+-------+-------+-------+-------+-------+-------++-------
Melee: Trident           |    84 |   198 |   184 |       |       |       |       |       |       ||   466
       Bite              |     5 |    18 |    21 |       |       |       |       |   242 |   539 ||   825
       Demon blade       |       |       |       |       |       |       |       |  1092 |  2614 ||  3706
       Kick              |       |       |       |       |       |       |       |       |   862 ||   862
 Fire: Hunting sling     |       |       |   111 |   688 |  1714 |  2456 |  2387 |   103 |       ||  7459
Throw: Stone             |       |       |       |       |       |       |       |     2 |       ||     2
 Cast: Summon Lightning  |       |       |       |       |    69 |   116 |    74 |     5 |       ||   264
       Iron Shot         |       |       |       |       |       |    52 |    84 |    45 |    59 ||   240
       Deflect Missiles  |       |       |       |       |       |    10 |     4 |     3 |     3 ||    20
       Borgnjor's Vile C |       |       |       |       |       |     9 |     5 |       |     1 ||    15
       Regeneration      |       |       |       |       |       |       |     1 |     5 |    75 ||    81
       Statue Form       |       |       |       |       |       |       |    22 |    59 |   135 ||   216
       Spellforged Servi |       |       |       |       |       |       |     3 |    51 |    53 ||   107
       Invisibility      |       |       |       |       |       |       |     2 |       |       ||     2
       Lehudib's Crystal |       |       |       |       |       |       |       |       |    21 ||    21
       Aura of Abjuratio |       |       |       |       |       |       |       |       |     3 ||     3
       Ignition          |       |       |       |       |       |       |       |       |     3 ||     3
       Apportation       |       |       |       |       |       |       |       |       |     2 ||     2
Invok: Curse Item        |       |       |     3 |       |     3 |     3 |     1 |     4 |       ||    14
Evoke: Wand              |       |       |       |     2 |     5 |     3 |     8 |     8 |    15 ||    41
  Use: Scroll            |     5 |     4 |     6 |    10 |     3 |     6 |     9 |     8 |    29 ||    80
       Potion            |       |       |       |     1 |       |     3 |     1 |       |    21 ||    26
 Stab: Sleeping          |       |       |     5 |       |       |       |       |    17 |    20 ||    42
       Distracted        |       |       |     2 |       |       |       |       |    34 |    35 ||    71
  Eat: Chunk             |     1 |     4 |    10 |    24 |    32 |    48 |    47 |    52 |    21 ||   239
       Ration            |       |       |     1 |       |     1 |     5 |     5 |     3 |    26 ||    41
Armor: Scale mail        |    18 |       |       |       |       |       |       |       |       ||    18
       Ring mail         |       |    61 |    31 |    57 |    88 |    99 |    80 |       |       ||   416
       Skin              |       |       |       |       |       |       |    56 |   336 |   947 ||  1339
       Robe              |       |       |       |       |       |       |       |     2 |    21 ||    23
Dodge: Dodged            |     8 |    75 |    92 |   160 |   355 |   526 |   480 |  1099 |  3397 ||  6192
       Deflected         |       |       |       |       |       |    51 |    49 |    43 |    12 ||   155
Block: Shield            |    28 |   106 |   100 |   225 |   457 |   622 |   608 |  1066 |  3251 ||  6463
       Rpst.: Demon blade |       |       |       |       |       |       |       |   218 |   537 ||   755

Table legend:
 A = Non-vault XP
 B = Vault XP
 C = Vault XP percentage of total XP
 D = Non-vault monster count
 E = Vault monster count
 F = Vault count percentage of total count
                 A         B        C        D         E       F
            +---------+---------+-------+---------+---------+-------
      Total |  955686 |  781472 |  45.0 |    1872 |    1039 |  35.7
            +---------+---------+-------+---------+---------+-------
        D:1 |      18 |       0 |   0.0 |      11 |       0 |   0.0
        D:2 |      34 |       0 |   0.0 |      12 |       0 |   0.0
        D:3 |     130 |       0 |   0.0 |      24 |       0 |   0.0
        D:4 |     453 |       0 |   0.0 |      26 |       0 |   0.0
        D:5 |     324 |     634 |  66.2 |      16 |       4 |  20.0
        D:6 |     619 |     434 |  41.2 |      17 |      12 |  41.4
        D:7 |    1253 |     208 |  14.2 |      25 |       2 |   7.4
        D:8 |    2673 |     369 |  12.1 |      24 |       7 |  22.6
        D:9 |    1565 |    1340 |  46.1 |      32 |       3 |   8.6
       D:10 |    2263 |       0 |   0.0 |      27 |       0 |   0.0
       D:11 |    6007 |       0 |   0.0 |      25 |       0 |   0.0
       D:12 |    8170 |    2937 |  26.4 |      35 |       4 |  10.3
       D:13 |    9430 |    3640 |  27.9 |      36 |      10 |  21.7
       D:14 |    4294 |       0 |   0.0 |      19 |       0 |   0.0
       D:15 |     490 |   29578 |  98.4 |       2 |      91 |  97.8
     Lair:1 |    3002 |     397 |  11.7 |      12 |       1 |   7.7
     Lair:2 |    3174 |    1833 |  36.6 |      14 |       6 |  30.0
     Lair:3 |    4880 |    3353 |  40.7 |      20 |      31 |  60.8
     Lair:4 |    6596 |    3463 |  34.4 |      18 |       5 |  21.7
     Lair:5 |    9184 |     973 |   9.6 |      33 |       1 |   2.9
     Lair:6 |    3549 |   16851 |  82.6 |      18 |      60 |  76.9
   Shoals:1 |   12248 |       0 |   0.0 |      33 |       0 |   0.0
   Shoals:2 |   12518 |    3387 |  21.3 |      32 |       6 |  15.8
   Shoals:3 |    8741 |    1411 |  13.9 |      18 |       3 |  14.3
   Shoals:4 |   10814 |   19006 |  63.7 |      27 |      43 |  61.4
    Snake:1 |    6585 |    1824 |  21.7 |      15 |       4 |  21.1
    Snake:2 |   13537 |       0 |   0.0 |      27 |       0 |   0.0
    Snake:3 |   12217 |    3162 |  20.6 |      21 |       8 |  27.6
    Snake:4 |   11868 |   33353 |  73.8 |      22 |      45 |  67.2
      Orc:1 |    3127 |     596 |  16.0 |      35 |       3 |   7.9
      Orc:2 |    6145 |   11053 |  64.3 |      44 |      38 |  46.3
      Elf:1 |   10591 |   15065 |  58.7 |      19 |      15 |  44.1
      Elf:2 |   12241 |   36486 |  74.9 |      22 |      51 |  69.9
      Elf:3 |   12544 |   37654 |  75.0 |      25 |      30 |  54.5
   Vaults:1 |   23794 |    8082 |  25.4 |      47 |      18 |  27.7
   Vaults:2 |   13731 |    3024 |  18.0 |      22 |       9 |  29.0
   Vaults:3 |   30398 |   31448 |  50.8 |      57 |      50 |  46.7
   Vaults:4 |   31975 |   31857 |  49.9 |      51 |      32 |  38.6
   Vaults:5 |   21024 |  130355 |  86.1 |      37 |      92 |  71.3
   Depths:1 |   50451 |    3760 |   6.9 |      73 |       8 |   9.9
   Depths:2 |   49863 |   46252 |  48.1 |      76 |      44 |  36.7
   Depths:3 |   18656 |    9143 |  32.9 |      33 |       8 |  19.5
   Depths:4 |   40866 |   33313 |  44.9 |      43 |      29 |  40.3
   Depths:5 |   23991 |   39263 |  62.1 |      30 |      35 |  53.8
       Hell |   14873 |   25249 |  62.9 |      22 |      49 |  69.0
      Tar:2 |   52055 |       0 |   0.0 |      72 |       0 |   0.0
      Tar:3 |    8255 |       0 |   0.0 |       5 |       0 |   0.0
      Tar:4 |    2052 |       0 |   0.0 |       4 |       0 |   0.0
      Tar:6 |    8626 |       0 |   0.0 |      23 |       0 |   0.0
      Tar:7 |   16736 |    7458 |  30.8 |      20 |       8 |  28.6
    Abyss:1 |    1510 |       0 |   0.0 |       3 |       0 |   0.0
    Abyss:3 |   20806 |   14226 |  40.6 |      37 |      25 |  40.3
    Abyss:4 |   37953 |    8331 |  18.0 |      79 |       8 |   9.2
        Pan |  286787 |  160704 |  35.9 |     352 |     141 |  28.6
            +---------+---------+-------+---------+---------+-------
